 Dungeon Crawl Stone Soup version 0.28.0 (webtiles) character file.

Game seed: 18307251640408597088

9 growler the Gusty (level 2, 0/15 HPs)
             Began as a Tengu Air Elementalist on Feb 7, 2022.
             Slain by an adder (2 damage)
             ... on level 2 of the Dungeon.
             The game lasted 00:03:03 (1007 turns).

growler the Gusty (Tengu Air Elementalist)          Turns: 1007, Time: 00:03:04

Health: 0/15       AC:  2    Str:  8    XL:     2   Next: 16%
Magic:  1/6        EV: 12    Int: 15    God:
Gold:   52         SH:  0    Dex: 14    Spells: 4/5 levels left

rFire   . . .      SeeInvis .   (no weapon)
rCold   . . .      Faith    .   (no shield)
rNeg    . . .      Spirit   .   a - +0 robe
rPois   .          Reflect  .   (helmet restricted)
rElec   .          Harm     .   (no cloak)
rCorr   .          Rampage  .   (no gloves)
Will    .....                   (boots unavailable)
Stlth   ++........              (no amulet)
HPRegen 0.05/turn               (no ring)
MPRegen 0.10/turn               (no ring)

@: lethally poisoned (0 -> -6)
A: beak, talons 3
a: no special abilities


You were on level 2 of the Dungeon.
You visited 1 branch of the dungeon, and saw 2 of its levels.

You collected 52 gold pieces.

Inventory:

Armour
 a - a +0 robe (worn)
Jewellery
 e - an amulet of magic regeneration
   (You found it on level 1 of the Dungeon)
Scrolls
 c - a scroll of identify {unknown}
 d - a scroll of vulnerability {unknown}
Potions
 b - a potion of haste {unknown}
 f - a potion of mutation {unknown}


   Skills:
 - Level 2.1 Dodging
 - Level 2.0 Stealth
 + Level 2.2 Spellcasting
 + Level 2.0 Conjurations
 + Level 4.2 Air Magic


You had 4 spell levels left.
You knew the following spells:

 Your Spells              Type           Power      Damage    Failure   Level
a - Shock                 Conj/Air       44%        1d5       6%          1

Your spell library contained the following spells:

 Spells                   Type           Power      Damage    Failure   Level
 Static Discharge         Conj/Air       11%        N/A       9%          2
 Swiftness                Air            14%        N/A       11%         3
 Airstrike                Air            7%         N/A       36%         4


Dungeon Overview and Level Annotations

Branches:
Dungeon (2/15)

Altars:


Innate Abilities, Weirdness & Mutations

You have a beak for a mouth.
You have claws for feet.


Message History

There is an open door here.
There is an open door here.
You open the door.
There is an open door here.
There is a stone staircase leading down here.
You climb downwards.
There is a stone staircase leading up here.
You open the door.
Found a bubbling brown potion.
There is an open door here.
Found a stone staircase leading up.
f - a bubbling brown potion
Found a scroll labelled WEISOTUTHU.
Found a ring mail.
An adder comes into view.
Aim: an adder (wandering, hasn't noticed you, 48% to hit)
The zap misses the adder. x2
The adder hisses angrily.
You don't know that spell.
You don't know that spell.
The adder bites you.
You are poisoned.
The adder poisons you! The adder closely misses you.
You feel sick.
You feel sick.
You feel sick.
You feel sick.
You are no longer poisoned.
The adder misses you. The adder bites you.
Aim: an adder (48% to hit)
The zap hits the adder.
The zap misses the adder.
The adder barely misses you.
Aim: an adder (lightly wounded, 48% to hit)
The zap hits the adder.
The zap misses the adder.
The adder barely misses you.
Aim: an adder (lightly wounded, 48% to hit)
The zap hits the adder.
The zap misses the adder.
The adder bites you.
* * * LOW HITPOINT WARNING * * *
You are poisoned.
The adder poisons you! The adder bites you.
* * * LOW HITPOINT WARNING * * *
You are more poisoned.
The adder poisons you!
Aim: an adder (heavily wounded, 48% to hit)
The zap hits the adder. x2
* * * LOW HITPOINT WARNING * * *
You feel sick. The adder misses you.
Aim: an adder (almost dead, 48% to hit)
The zap hits the adder.
The zap misses the adder.
* * * LOW HITPOINT WARNING * * *
You feel sick. The adder bites you.
You die...

##'########
#..........#
#..........#
#..........#
#..........#
#..........# #.
#..........# #..
#..........#
#...######..S@......#
..[.................#
...?................#
#........<..........#
...#######..........#
# .#.######### #.#.#
#.#.# .. .#


You could see an adder.

Vanquished Creatures
  A ball python (D:1)
  A bat (D:1)
  An endoplasm (D:1)
  2 giant cockroaches (D:1)
  A hobgoblin (D:1)
  A kobold (D:1)
  A rat (D:1)
8 creatures vanquished.

Notes
Turn   | Place    | Note
-------+----------+-------------------------------------------
     0 | D:1      | growler the Tengu Air Elementalist began the quest for the
                  | Orb.
     0 | D:1      | Reached XP level 1. HP: 10/10 MP: 4/4
   507 | D:1      | Reached XP level 2. HP: 15/15 MP: 3/6
  1007 | D:2      | Slain by an adder

Illustrated notes

Levels and vault maps discovered:
D:1:      evilmike_arrival_crescent, layout_basic, minmay_pentomino_q2
D:2:      layout_basic, hellmonk_ecumenical_altar_pennies_from_heaven,
          grunt_decor_one_mirror, uniq_jessica

Skill      XL: |  1 |
---------------+----+-----
Conjurations   | 2 |  2.0
Dodging        | |  2.1
Stealth        | |  2.0
Spellcasting   | |  2.2
Air Magic      | |  4.2

Action                   || total
-------------------------++-------
Melee: Unarmed           ||    14
       Kick              ||     5
       Peck              ||     1
 Cast: Shock             ||    14
 Stab: Sleeping          ||     1
Armor: Robe              ||     2
Dodge: Dodged            ||    18
